 Dungeon Crawl Stone Soup version 0.30-a0-373-gd37427bb62 (webtiles) character file.

Game seed: 2869601216064925393

210 Raultor the Changer (level 5, -3/33 HPs)
             Began as an Octopode Transmuter on Nov 23, 2022.
             Succumbed to Edmund's poison
             ... on level 4 of the Dungeon.
             The game lasted 00:13:17 (2713 turns).

Raultor the Changer (Octopode Transmuter)           Turns: 2713, Time: 00:13:17

Health: -3/33      AC:  5    Str: 11    XL:     5   Next: 88%
Magic:  5/8        EV: 13    Int: 15    God:
Gold:   75         SH:  0    Dex: 13    Spells: 2/8 levels left

rFire   + + .      SeeInvis .    m - +8 hand axe of Bauck {drain, *Corrode rF++}
rCold   . . .      Faith    .    (no shield)
rNeg    . . .      Spirit   .    (helmet currently unavailable)
rPois   .          Reflect  .    (no amulet)
rElec   .          Harm     .    T - +4 ring of protection
rCorr   +          Rampage  .    R - ring of resist corrosion
Will    .....                    Z - ring of wizardry
Stlth   ++........               (no ring)
HPRegen 0.25/turn                (no ring)
MPRegen 0.11/turn                (no ring)
                                 (no ring)
                                 (no ring)

@: lethally poisoned (-3 -> -28), appendages, wereblooded
A: tentacle spike 3, almost no armour, amphibious, 8 rings, camouflage 1,
gelatinous body 1, (nimble swimmer 1), tentacles
a: End Transformation


You were on level 4 of the Dungeon.
One of your tentacles had grown a beastly spike.
You visited 1 branch of the dungeon, and saw 4 of its levels.

You collected 200 gold pieces.
You spent 125 gold pieces at shops.


Innate Abilities, Weirdness & Mutations

One of your tentacles has grown a beastly spike.
You cannot wear most types of armour.
You are amphibious.
You can wear up to eight rings at the same time.
Your skin changes colour to match your surroundings (Stealth+).
Your rubbery body absorbs attacks. (AC +1, EV +1)
((You are camouflaged when in or above water. (Stealth+)))
You have tentacles for arms and can constrict up to eight enemies at once.


   Skills:
 - Level 1.0 Fighting
 - Level 2.0 Dodging
 - Level 3.0 Unarmed Combat
 - Level 2.0 Spellcasting
 * Level 5.3 Transmutations
 - Level 2.6 Poison Magic


You had 2 spell levels left.
You knew the following spells:

 Your Spells              Type           Power      Damage    Failure   Level
b - Beastly Appendage     Tmut           34%        N/A       1%          1
s - Spider Form           Tmut/Pois      13%        N/A       5%          3
w - Wereblood             Tmut           17%        N/A       1%          2

Your spell library contained the following spells:

 Spells                   Type           Power      Damage    Failure   Level
 Apportation              Tloc           2%         N/A       9%          1
 Magic Dart               Conj           4%         1d3       9%          1
 Necrotise                Necr           4%         1d4       9%          1
 Call Imp                 Summ           1%         N/A       13%         2
 Mephitic Cloud           Conj/Pois/Air  4%         N/A       19%         3
 Stone Arrow              Conj/Erth      2%         3d7       26%         3
 Vampiric Draining        Necr           1%         2d6       26%         3
 Ice Form                 Ice/Tmut       9%         N/A       28%         4
 Alistair's Intoxication  Tmut/Pois      8%         N/A       41%         5
 Agony                    Necr           1%         N/A       91%         5
 Lehudib's Crystal Spear  Conj/Erth      0%         10d2      100%        8
 Animate Armour           Summ/Erth      Unusable   N/A       N/A         4

Inventory:

Hand Weapons
 m - the +8 hand axe of Bauck (weapon) {drain, *Corrode rF++}
   (You found it on level 2 of the Dungeon)

   A truly terrible weapon, it drains the life of any living foe it strikes.
   rF:        It greatly protects you from fire.
   *Corrode:  It may corrode you when you take damage.
Missiles
 i - a throwing net {=f}
Magical Staves
 k - a staff of cold {!a}
 q - a staff of earth {!a}
Jewellery
 R - a ring of resist corrosion (right tentacle)
 T - a +4 ring of protection (left tentacle)
 Z - a ring of wizardry (on tentacle)
Wands
 j - a wand of roots (1)
 n - a wand of flame (13)
Scrolls
 d - a scroll of butterflies {unknown}
 e - a scroll of enchant weapon {unknown}
 g - 3 scrolls of enchant armour {unknown}
 l - a scroll of teleportation {unknown}
 p - a scroll of noise {unknown}
 r - a scroll of identify {@r1}
 s - a scroll of amnesia {unknown}
Potions
 a - 2 potions of lignification
 b - 2 potions of curing {@q1}
 c - 2 potions of heal wounds {unknown}
 f - a potion of invisibility
 h - a potion of cancellation
 o - 2 potions of brilliance {unknown}

Dungeon Overview and Level Annotations

Branches:
Dungeon (4/15)
 Temple: D:4-7

Altars:
Dithmenos
Vehumet
Zin

Shops:
D:3 *

Annotations:
D:4 Edmund, Sigmund

#####.# ........# #.#
#..|.>..# #.# #....>..###
# #.# #....>.... ..#.#
#.......# #.#.# #.......#
#.#.# #...@...# #.###.#..
#@.###### #.......
.#)#####........###.#...#
.........#######.#.##.#.#
...####..# ####.....).#
#..# #..........#
#..#####.###.#.....
#.........##.#....#
##.#####..........# #..
#.#####.##.#


You could see Edmund (drained).


Message History

Found a potion of curing.
Found a spear.
Found an escape hatch in the floor.
b - 2 potions of curing {@q1} (gained 1)
Found a stone staircase leading down.
Edmund the Younger comes into view.
He is wielding a +0 dire flail of venom and carrying a wand of roots (8).
Found a staff of cold.
Found a stone staircase leading down.
Casting: Wereblood (safe; 1% risk of failure)
Confirm with . or Enter, or press ? or * to list all spells.
One of your tentacles grows a vicious spike.
Casting: Beastly Appendage (safe; 1% risk of failure)
Confirm with . or Enter, or press ? or * to list all spells.
Your blood is infused with primal strength.
Edmund zaps a wand.
The roots erupt in riotous growth!
The grasping roots grab you! The grasping roots constrict you.
The grasping roots constrict you.
You closely miss Edmund. Your grab misses Edmund.
Edmund hits you with a +0 dire flail of venom.
You are poisoned.
The grasping roots constrict you!
* * * LOW HITPOINT WARNING * * *
Edmund hits you with a +0 dire flail of venom.
* * * LOW HITPOINT WARNING * * *
You are more poisoned.
The grasping roots constrict you.
The grasping roots release their grip on you.
You hit Edmund. You drain Edmund. You grab Edmund. You squeeze Edmund.
Edmund is moderately wounded.
You constrict Edmund, but do no damage.
You die...

Skill      XL: |  1  2  3  4  5 |
---------------+----------------+-----
Transmutations | 3 4 5 |  5.3
Poison Magic   | 2 |  2.6
Fighting       | |  1.0
Dodging        | |  2.0
Unarmed Combat | |  3.0
Spellcasting   | |  2.0

Action                   |  1- 3 |  4- 6 || total
-------------------------+-------+-------++-------
Melee: Unarmed           |    71 |    21 ||    92
       Constrict         |    10 |    18 ||    28
       Tentacles         |    11 |    14 ||    25
       Kick              |     3 |     8 ||    11
       Punch             |     2 |     2 ||     4
       Hand axe          |       |    65 ||    65
 Cast: Beastly Appendage |     3 |     6 ||     9
       Wereblood         |     3 |     4 ||     7
       Spider Form       |     1 |       ||     1
  Use: Scroll            |       |     3 ||     3
 Stab: Sleeping          |     7 |     7 ||    14
Armor: Skin              |     9 |    12 ||    21
Dodge: Dodged            |    23 |    43 ||    66

Levels and vault maps discovered:
D:1:      dpeg_arrival_tiny_g, layout_rooms, shapermc_ecumenical_altar_petra
D:2:      layout_loops_corners, basic_altar, serial_bayou_pond_d,
          grunt_decor_fettered, minmay_goblin_kobold_house, uniq_terence,
          uniq_robin
D:3:      layout_loops_cross, serial_shops, shop
D:4:      layout_loops_ring, mainiacjoe_overflow_large_starburst,
          mainiacjoe_overflow_concentric_impassable, uniq_sigmund, uniq_edmund

Notes
Turn   | Place    | Note
-------+----------+-------------------------------------------
     0 | D:1      | Raultor the Octopode Transmuter began the quest for the
                  | Orb.
     0 | D:1      | Reached XP level 1. HP: 13/13 MP: 3/3
    99 | D:1      | Reached XP level 2. HP: 17/18 MP: 5/5
   102 | D:1      | Learned a level 2 spell: Wereblood
   119 | D:1      | Reached skill level 3 in Transmutations
   460 | D:1      | Reached XP level 3. HP: 23/23 MP: 2/6
   654 | D:1      | Found a faded altar of an unknown god.
   816 | D:2      | Found a shadowy altar of Dithmenos.
   829 | D:2      | Noticed Terence
   840 | D:2      | Learned a level 3 spell: Spider Form
   846 | D:2      | HP: 2/23 [constriction (3)]
   847 | D:2      | Killed Terence
   848 | D:2      | Reached skill level 4 in Transmutations
   954 | D:2      | Reached XP level 4. HP: 28/28 MP: 0/7
   963 | D:2      | Reached skill level 1 in Poison Magic
   968 | D:2      | Noticed Robin
   976 | D:2      | Killed Robin
  1280 | D:2      | Reached skill level 2 in Poison Magic
  1291 | D:2      | Identified the +8 hand axe of Bauck {drain, *Corrode rF++}
  1884 | D:3      | Reached XP level 5. HP: 29/33 MP: 8/8
  2136 | D:3      | Found Oschorui's Assorted Antiques.
  2142 | D:3      | Bought a peridot ring for 125 gold pieces
  2420 | D:4      | Reached skill level 5 in Transmutations
  2517 | D:4      | Noticed Sigmund
  2542 | D:4      | Found a glowing silver altar of Zin.
  2542 | D:4      | Found a radiant altar of Vehumet.
  2706 | D:4      | Noticed Edmund
  2713 | D:4      | Succumbed to Edmund's poison

Vanquished Creatures
  Terence (D:2)
  Robin (D:2)
  2 adders
  4 gnolls (D:4)
  3 dart slugs
  7 orcs (D:3)
  5 ball pythons
  5 endoplasms
  3 giant cockroaches
  21 goblins
  13 hobgoblins
  12 jackals
  7 kobolds
  A quokka (D:4)
  3 bats
  3 frilled lizards (D:1)
  5 rats
96 creatures vanquished.

Vanquished Creatures (others)
  A fungus (D:1)
  A plant (D:1)
2 creatures vanquished.

Grand Total: 98 creatures vanquished

Table legend: (Time is in decaauts)
 A = Elapsed time spent in this place.
 B = Non-inter-level travel time spent in this place.
 C = Inter-level travel time spent in this place.
 D = Time resting spent in this place.
 E = Time spent auto-exploring this place.
 F = Levels seen in this place.
 G = Mean time per level.
                   A        B        C        D        E       F      G
               +--------+--------+--------+--------+--------+-----+--------+
         Total |   2724 |   2551 |    173 |      0 |   1976 |   4 |  681.0 |
       Dungeon |   2724 |   2551 |    173 |      0 |   1976 |   4 |  681.0 |
               +--------+--------+--------+--------+--------+-----+--------+

Top non-repeatable levels by time:
     D:2: 1074 daAuts
     D:1: 710 daAuts
     D:3: 608 daAuts
     D:4: 329 daAuts

Table legend:
 A = Non-vault XP
 B = Vault XP
 C = Vault XP percentage of total XP
 D = Non-vault monster count
 E = Vault monster count
 F = Vault count percentage of total count
                 A         B        C        D         E       F
            +---------+---------+-------+---------+---------+-------
      Total |     218 |      83 |  27.6 |      77 |      19 |  19.8
            +---------+---------+-------+---------+---------+-------
        D:1 |      41 |       0 |   0.0 |      23 |       0 |   0.0
        D:2 |      28 |      83 |  74.8 |      10 |      19 |  65.5
        D:3 |      59 |       0 |   0.0 |      28 |       0 |   0.0
        D:4 |      90 |       0 |   0.0 |      16 |       0 |   0.0
            +---------+---------+-------+---------+---------+-------
